 Dungeon Crawl Stone Soup version 0.23.2-1-ga50397a (webtiles) character file.

Game seed: 1148682854792486803

106 MalarOregon the Skirmisher (level 4, 0/41 HPs)
             Began as a Ghoul Fighter on May 30, 2019.
             Slain by an orc priest
             ... wielding a +0 flail
              (1 damage)
             ... on level 3 of the Dungeon.
             The game lasted 00:01:55 (1300 turns).

MalarOregon the Skirmisher (Ghoul Fighter)          Turns: 1300, Time: 00:01:55

Health: 0/41       AC: 15    Str: 20    XL:     4   Next: 84%
Magic:  3/3        EV:  5    Int:  3    God:
Gold:   78         SH:  9    Dex:  8    Spells: 3/3 levels left

rFire    . . .     SeeInvis .     - Unarmed
rCold    + . .     Gourm    .   b - +0 shield
rNeg     + + +     Faith    .   m - +0 chain mail (curse)
rPois    ∞         Spirit   .   a - +2 helmet
rElec    .         Reflect  .   (no cloak)
rCorr    .         Harm     .   n - +2 pair of gloves
MR       .....                  (no boots)
Stlth    ..........             (no amulet)
HPRegen  0.00/turn              (no ring)
MPRegen  0.08/turn              (no ring)

@: rotting, invisible
A: rotting body, claws 1, carnivore, cold resistance 1, negative energy
resistance 3, inhibited regeneration, torment resistance, unbreathing
a: no special abilities


You were on level 3 of the Dungeon.
You were not hungry.

You visited 1 branch of the dungeon, and saw 3 of its levels.

You collected 78 gold pieces.

Inventory:

Armour
 a - a +2 helmet (worn)
   (You found it on level 3 of the Dungeon)
 b - a +0 shield (worn)
 m - a cursed +0 chain mail (worn)
   (You found it on level 2 of the Dungeon)
 n - a +2 pair of gloves (worn)
   (You found it on level 3 of the Dungeon)
Jewellery
 h - a cursed ring of attention {unknown}
   (You found it on level 2 of the Dungeon)
 j - a +3 amulet of reflection {unknown}
   (You found it on level 2 of the Dungeon)
Scrolls
 g - 3 scrolls of amnesia {unknown}
 k - 2 scrolls of identify {unknown}
 l - a scroll of teleportation {unknown}
Potions
 c - 2 potions of might
 d - a potion of curing {unknown}
 i - a potion of heal wounds {unknown}
Comestibles
 e - 3 rations {!d}


   Skills:
 + Level 4.3 Fighting
 - Level 2.6 Armour
 + Level 3.5 Shields
 + Level 3.5 Unarmed Combat


You had 3 spell levels left.
You didn't know any spells.
Your spell library was empty.

Dungeon Overview and Level Annotations

Branches:
Dungeon (3/15)

Altars:
Okawaru
Qazlal
Wu Jian


Innate Abilities, Weirdness & Mutations

Your body is rotting away.
You thrive on raw meat.
You are immune to poison.
You have sharp fingernails.
You are carnivorous and can eat meat at any time.
Your flesh is cold resistant. (rC+)
You are immune to negative energy. (rN+++)
You do not regenerate when monsters are visible.
You are immune to unholy pain and torment.
You can survive without breathing.


Message History

The goblin shouts!
You hit the orc. You hit the orc.
You kill the orc!
You hit the orc priest but do no damage.
You block the orc priest's attack.
You hit the orc priest but do no damage.
The orc priest looks braver for a moment.
You hit the orc priest. You block the orc priest's attack.
You closely miss the orc priest.
The orc priest hits you with a +0 flail.
* * * LOW HITPOINT WARNING * * *
You hit the orc priest but do no damage.
The orc priest barely misses you.
You closely miss the orc priest.
The orc priest hits you but does no damage.
You barely miss the orc priest. You block the orc priest's attack.
You hit the orc priest but do no damage.
The orc priest hits you but does no damage.
You closely miss the orc priest.
The orc priest hits you with a +0 flail.
* * * LOW HITPOINT WARNING * * *
You hit the orc priest but do no damage.
You closely miss the orc priest.
The orc priest hits you but does no damage.
You hit the orc priest. You block the orc priest's attack.
You completely miss the orc priest. The orc priest barely misses you.
You hit the orc priest but do no damage.
The orc priest looks satisfied for a moment.
You hit the orc priest but do no damage.
The orc priest hits you but does no damage.
Your chain mail prevents you from hitting the orc priest.
The orc priest hits you with a +0 flail.
* * * LOW HITPOINT WARNING * * *
Your shield and chain mail prevent you from hitting the orc priest.
You hit the orc priest.
The orc priest invokes the aid of Beogh against you.
Beogh smites you!
* * * LOW HITPOINT WARNING * * *
You hear some strange, mumbled words.
You hit the orc priest.
The orc priest hits you but does no damage.
You hit the orc priest.
The orc priest hits you with a +0 flail.
* * * LOW HITPOINT WARNING * * *
Okay, then.
It was a potion of invisibility.
You fade into invisibility!
The orc priest hits you with a +0 flail.
You die...

#...[. #.###. #.#
#. #)# #. #.# #.
##.###. ###......
#.###########
#....####
#.go{o@.....#
#>#.##
#.#########.#
#.#.# # #.# #.#.#
# #<# #.#.#####
######.###.#......
#.....)....#..###.
#..####.......# #.
# #.#####.# #. #.#
#.# #.


You could see an orc priest, an orc and a goblin.

Vanquished Creatures
  A centaur zombie (D:3)
  3 adders
  A worm (D:2)
  An orc (D:3)
  4 bats
  2 giant cockroaches
  5 goblins
  8 hobgoblins
  2 jackals (D:2)
  3 kobolds
  A quokka (D:3)
  2 frilled lizards (D:2)
  5 rats
38 creatures vanquished.

Notes
Turn   | Place    | Note
-------+----------+-------------------------------------------
     0 | D:1      | MalarOregon the Ghoul Fighter began the quest for the Orb.
     0 | D:1      | Reached XP level 1. HP: 19/19 MP: 0/0
   290 | D:1      | Reached XP level 2. HP: 24/26 MP: 1/1
   471 | D:2      | Found a faded altar of an unknown god.
   580 | D:2      | Reached XP level 3. HP: 28/33 MP: 2/2
   787 | D:2      | Found an iron altar of Okawaru.
   904 | D:2      | Reached skill level 4 in Fighting
   980 | D:2      | Found an ornate altar of the Wu Jian Council.
  1004 | D:3      | Reached XP level 4. HP: 25/40 MP: 3/3
  1019 | D:3      | Found a stormy altar of Qazlal.
  1299 | D:3      | HP: 1/41 [orc priest/+0 flail (4)]
  1300 | D:3      | Slain by an orc priest

Skill      XL: |  1  2  3 |
---------------+----------+-----
Shields        | 3 |  3.5
Unarmed Combat | 3 |  3.5
Fighting       | 4 |  4.3
Armour         | |  2.6

Action                   |  1- 3 |  4- 6 || total
-------------------------+-------+-------++-------
Melee: Unarmed           |   112 |    54 ||   166
  Use: Potion            |       |     1 ||     1
  Eat: Chunk             |     3 |     5 ||     8
Armor: Scale mail        |    34 |       ||    34
       Chain mail        |     5 |    27 ||    32
Dodge: Dodged            |    26 |     9 ||    35
Block: Shield            |    43 |    18 ||    61
